 Dungeon Crawl Stone Soup version 0.25-a0-356-g7c9d860b3b (webtiles) character file.

Game seed: 17875388267908161140, levelgen mode: deterministic

72 Error4North the Skirmisher (level 4, -3/40 HPs)
             Began as a Hill Orc Fighter on Jan 3, 2020.
             Slain by Sigmund
             ... wielding a +0 scythe
              (5 damage)
             ... on level 2 of the Dungeon.
             The game lasted 00:06:08 (1343 turns).

Error4North the Skirmisher (Hill Orc Fighter)       Turns: 1343, Time: 00:06:09

Health: -3/40      AC:  8    Str: 19    XL:     4   Next: 25%
Magic:  0/4        EV:  8    Int: 13    God:
Gold:   57         SH: 10    Dex: 10    Spells: 4/4 levels left

rFire    + . .     SeeInvis .   a - +0 war axe
rCold    . . .     Gourm    .   q - +1 shield {rF+}
rNeg     . . .     Faith    .   m - +0 ring mail (curse)
rPois    .         Spirit   +   g - +0 helmet
rElec    .         Reflect  .   (no cloak)
rCorr    .         Harm     .   l - +0 pair of gloves
MR       .....                  (no boots)
Stlth    ..........             o - amulet of guardian spirit
HPRegen  0.13/turn              (no ring)
MPRegen  0.09/turn              (no ring)

@: brilliant
A: no striking features
a: no special abilities


You were on level 2 of the Dungeon.
You were hungry.

You visited 1 branch of the dungeon, and saw 2 of its levels.

You collected 57 gold pieces.

Inventory:

Hand Weapons
 a - a +0 war axe (weapon)
Armour
 c - a +0 shield
 g - a +0 helmet (worn)
 l - a +0 pair of gloves (worn)
 m - a cursed +0 ring mail (worn)
 q - a +1 shield of fire resistance (worn)
Jewellery
 o - an amulet of guardian spirit (around neck)
Scrolls
 b - a scroll of blinking {unknown}
 e - 2 scrolls of teleportation {unknown}
 h - 3 scrolls of identify
 i - a scroll of magic mapping {unknown}
 p - a scroll of remove curse {unknown}
Potions
 d - a potion of might
 j - 2 potions of brilliance
 k - a potion of heal wounds {unknown}
 n - 2 potions of haste {unknown}
Comestibles
 f - 2 rations


   Skills:
 + Level 4.0 Fighting
 + Level 3.7 Axes
 * Level 3.7 Armour
 + Level 0.4 Dodging
 * Level 3.9 Shields
 * Level 0.5 Spellcasting


You had 4 spell levels left.
You didn't know any spells.
Your spell library was empty.

Dungeon Overview and Level Annotations

Branches:
Dungeon (2/15)

Altars:
Trog

Annotations:
D:2 Sigmund


Message History

Sigmund is severely wounded.
You block Sigmund's attack.
Your shield prevents you from hitting Sigmund.
Sigmund is severely wounded.
Sigmund gestures wildly while chanting.
Sigmund flickers and vanishes!
Deactivating autopickup; reactivate with Ctrl-A.
Something hits you.
You barely miss something. You closely miss something. Something hits you!
You miss something. Something hits you.
You closely miss something. Something hits you.
* * * LOW HITPOINT WARNING * * *
A magic dart appears from out of thin air!
The magic dart hits you!
* * * LOW HITPOINT WARNING * * *
It was a potion of brilliance.
You feel clever all of a sudden. Something hits you.
You die...

#.#
#.#
#.#
#.#
#.#
#.#
#{#
#.#
#@#
#.#
#.#
#..
###


There were no monsters in sight!

Vanquished Creatures
  An adder (D:2)
  An ooze (D:2)
  3 dart slugs
  4 leopard geckos
  7 bats
  2 giant cockroaches
  5 goblins
  6 hobgoblins
  2 jackals (D:2)
  A quokka (D:2)
  2 ball pythons
  5 kobolds
  8 rats
47 creatures vanquished.

Vanquished Creatures (others)
  5 toadstools (D:1)
5 creatures vanquished.

Grand Total: 52 creatures vanquished

Notes
Turn   | Place    | Note
-------+----------+-------------------------------------------
     0 | D:1      | Error4North the Hill Orc Fighter began the quest for the
                  | Orb.
     0 | D:1      | Reached XP level 1. HP: 19/19 MP: 1/1
    65 | D:1      | Reached XP level 2. HP: 14/27 MP: 2/2
    89 | D:1      | Reached skill level 4 in Fighting
   454 | D:1      | Reached XP level 3. HP: 33/33 MP: 3/3
   807 | D:2      | Reached XP level 4. HP: 22/40 MP: 4/4
  1108 | D:2      | Found a bloodstained altar of Trog.
  1257 | D:2      | Noticed Sigmund
  1342 | D:2      | HP: 2/40 [something/magic dart (7)]
  1343 | D:2      | Slain by Sigmund

Levels and vault maps discovered:
D:1:      ldierk_walled_garden, layout_basic
D:2:      layout_basic, bloody_trog, uniq_sigmund

Skill      XL: |  1  2 |
---------------+-------+-----
Axes           | 3 |  3.7
Fighting       | 4 |  4.0
Armour         | |  3.7
Dodging        | |  0.4
Shields        | |  3.9
Spellcasting   | |  0.5

Action                   |  1- 3 |  4- 6 || total
-------------------------+-------+-------++-------
Melee: War axe           |   148 |    41 ||   189
  Use: Scroll            |       |     2 ||     2
       Potion            |       |     1 ||     1
  Eat: Chunk             |       |     1 ||     1
Armor: Scale mail        |    49 |       ||    49
       Ring mail         |    32 |     8 ||    40
Dodge: Dodged            |    80 |    13 ||    93
Block: Shield            |    99 |    14 ||   113

Table legend:
 A = Non-vault XP
 B = Vault XP
 C = Vault XP percentage of total XP
 D = Non-vault monster count
 E = Vault monster count
 F = Vault count percentage of total count
                 A         B        C        D         E       F
            +---------+---------+-------+---------+---------+-------
      Total |     103 |       0 |   0.0 |      47 |       0 |   0.0
            +---------+---------+-------+---------+---------+-------
        D:1 |      46 |       0 |   0.0 |      27 |       0 |   0.0
        D:2 |      57 |       0 |   0.0 |      20 |       0 |   0.0
            +---------+---------+-------+---------+---------+-------
